 Dungeon Crawl Stone Soup version 0.27-a0-1347-gd8886f0a89 (webtiles) character file.

Game seed: 12818811064426505041

15 Brandom the Magician (level 2, -2/21 HPs)
             Began as a Palentonga Hedge Wizard on June 27, 2021.
             Slain by a quokka (3 damage)
             ... on level 1 of the Dungeon.
             The game lasted 00:05:21 (809 turns).

Brandom the Magician (Palentonga Hedge Wizard)       Turns: 809, Time: 00:05:21

Health: -2/21      AC:  4    Str: 13    XL:     2   Next: 34%
Magic:  6/6        EV:  9    Int: 14    God:
Gold:   16         SH:  0    Dex:  9    Spells: 6/7 levels left

rFire    . . .     SeeInvis +   e - +0 short sword
rCold    . . .     Faith    .   (no shield)
rNeg     . . .     Spirit   .   b - +0 robe
rPois    .         Reflect  .   c - +0 hat
rElec    .         Harm     .   (no cloak)
rCorr    .         Rampage  .   (no gloves)
Will     .....                  (no barding)
Stlth    +.........             (no amulet)
HPRegen  0.07/turn              (no ring)
MPRegen  0.10/turn              (no ring)

@: no status effects
A: large, rugged brown scales 3, see invisible, deformed body, roll 1, armoured
tail
a: Rolling Charge


You were on level 1 of the Dungeon.
You visited 1 branch of the dungeon, and saw 1 of its levels.

You collected 16 gold pieces.

Inventory:

Hand Weapons
 a - a +0 dagger
 e - a +0 short sword (weapon)
   (You took it off a kobold on level 1 of the Dungeon)
Armour
 b - a +0 robe (worn)
 c - a +0 hat (worn)
Scrolls
 f - a scroll of enchant weapon {unknown}
Potions
 d - 2 potions of curing {unknown}


   Skills:
 * Level 0.9 Fighting
 + Level 1.7 Dodging
 - Level 1.2 Stealth
 + Level 3.0 Spellcasting
 + Level 1.2 Conjurations
 * Level 1.0 Summonings
 + Level 1.2 Translocations


You had 6 spell levels left.
You knew the following spells:

 Your Spells              Type           Power      Damage    Failure   Level
a - Magic Dart            Conj           20%        1d4       13%         1

Your spell library contained the following spells:

 Spells                   Type           Power      Damage    Failure   Level
 Blink                    Tloc           N/A        N/A       19%         2
 Call Imp                 Summ           5%         N/A       22%         2
 Slow                     Hex            2%         N/A       32%         2
 Gell's Gravitas          Tloc           2%         N/A       36%         3
 Conjure Flame            Conj/Fire      3%         6-21      45%         3
 Mephitic Cloud           Conj/Pois/Air  3%         N/A       47%         3
 Confusing Touch          Hex            2%         N/A       54%         3
 Petrify                  Tmut/Erth      2%         N/A       91%         4
 Metabolic Englaciation   Hex/Ice        1%         N/A       99%         5
 Yara's Violent Unravell  Hex/Tmut       1%         3d3       99%         5


Dungeon Overview and Level Annotations

Branches:
Dungeon (1/15)

Altars:


Innate Abilities, Weirdness & Mutations

You are completely covered in rugged brown scales. (AC +3, +7% HP)
You have supernaturally acute eyesight. (SInv)
Armour fits poorly on your strangely shaped body.
You can roll at nearby foes to attack.
You have a long armoured tail.


Message History

You closely miss the quokka.
Your tail-slap misses the quokka.
The quokka closely misses you.
You hit the quokka but do no damage. The quokka bites you.
The quokka barely misses you.
You hit the quokka but do no damage. The quokka bites you.
You barely miss the quokka. The quokka bites you.
The quokka bites you but does no damage.
You hit the quokka. The quokka bites you.
* * * LOW HITPOINT WARNING * * *
The quokka barely misses you.
The quokka bites you but does no damage. x2
The quokka bites you but does no damage.
You see here a ball python corpse.
A kobold comes into view. It is wielding a +0 short sword.
The quokka barely misses you. The quokka bites you.
* * * LOW HITPOINT WARNING * * *
The quokka closely misses you. The quokka barely misses you.
You closely miss the quokka. The quokka barely misses you.
You barely miss the quokka. The quokka bites you.
* * * LOW HITPOINT WARNING * * *
Aim: a quokka (100% to hit)
The magic dart hits the quokka.
The quokka bites you.
* * * LOW HITPOINT WARNING * * *
Aim: a quokka (100% to hit)
The magic dart hits the quokka.
The quokka bites you.
* * * LOW HITPOINT WARNING * * *
The quokka barely misses you. The quokka closely misses you.
The quokka bites you but does no damage.
The quokka barely misses you.
Found a stone staircase leading down.
The quokka closely misses you. The quokka closely misses you.
The quokka bites you but does no damage.
The quokka bites you.
* * * LOW HITPOINT WARNING * * *
The quokka bites you but does no damage.
The quokka closely misses you.
The quokka twitches its whiskers.
The quokka barely misses you. The quokka closely misses you.
The quokka barely misses you. The quokka closely misses you.
A rat comes into view.
The quokka bites you.
* * * LOW HITPOINT WARNING * * *
The quokka bites you.
You die...

#..################.#......#
#..# #.#......# #.K#
#######.#......# #..#
...............# #..#
#########........# #..#
#..K.rr..........# #†####
#.#######........#
.....####.#.#######r.#######
#.####>.r.......@r.........##
## #..
....#.#.#######.######..# #.
#.#### #.#.# #########.####.
#.. . ... ............. ###
.#.##################.###.
..#.


PPPPPPPPPPPPPPP....... .# # .......<.........#.##. PPPPPPPPPPPPPPP..#..#.
################.##.#. You could see 2 quokkas.

Vanquished Creatures
  A dart slug (D:1)
  A giant cockroach (D:1)
  2 hobgoblins (D:1)
  A kobold (D:1)
  2 quokkas (D:1)
  2 ball pythons (D:1)
  A bat (D:1)
  A goblin (D:1)
  A rat (D:1)
12 creatures vanquished.

Notes
Turn   | Place    | Note
-------+----------+-------------------------------------------
     0 | D:1      | Brandom the Palentonga Hedge Wizard began the quest for the
                  | Orb.
     0 | D:1      | Reached XP level 1. HP: 13/13 MP: 4/4
    60 | D:1      | Reached skill level 1 in Conjurations
   242 | D:1      | Reached XP level 2. HP: 9/21 MP: 6/6
   517 | D:1      | Reached skill level 1 in Summonings
   762 | D:1      | HP: 1/21 [quokka (4)]
   804 | D:1      | HP: 1/21 [quokka (3)]
   809 | D:1      | Slain by a quokka

Illustrated notes

Levels and vault maps discovered:
D:1:      eino_arrival_tree_alley, layout_basic

Skill      XL: |  1  2 |
---------------+-------+-----
Conjurations   | 1 |  1.2
Summonings     | 1 |  1.0
Fighting       | |  0.9
Dodging        | |  1.7
Stealth        | |  1.2
Spellcasting   | |  3.0
Translocations | |  1.2

Action                   || total
-------------------------++-------
Melee: Short sword       ||    51
       Dagger            ||    11
       Tailslap          ||     2
 Cast: Magic Dart        ||     2
 Abil: Rolling Charge    ||     7
Armor: Robe              ||    41
Dodge: Dodged            ||    39

Table legend: (Time is in decaauts)
 A = Elapsed time spent in this place.
 B = Non-inter-level travel time spent in this place.
 C = Inter-level travel time spent in this place.
 D = Time resting spent in this place.
 E = Time spent auto-exploring this place.
 F = Levels seen in this place.
 G = Mean time per level.
                   A        B        C        D        E       F      G
               +--------+--------+--------+--------+--------+-----+--------+
         Total |    813 |    813 |      0 |    298 |    244 |   1 |  813.0 |
       Dungeon |    813 |    813 |      0 |    298 |    244 |   1 |  813.0 |
               +--------+--------+--------+--------+--------+-----+--------+

Top non-repeatable levels by time:
     D:1: 813 daAuts
